 Dungeon Crawl Stone Soup version 0.26-a0-651-gb41185065b (webtiles) character file.

Game seed: 8039211187363145916

2843 Lanoc the Basher (level 9, -1/80 HPs)
             Began as a Troll Fighter on Oct 18, 2020.
             Was a Follower of Wu Jian.
             Slain by an unseen horror (6 damage)
             ... on level 7 of the Dungeon.
             The game lasted 00:11:20 (7206 turns).

Lanoc the Basher (Troll Fighter)                    Turns: 7206, Time: 00:11:21

Health: -1/80      AC:  6    Str: 31    XL:     9   Next: 46%
Magic:  8/8        EV: 14    Int:  2    God:    Wu Jian [*.....]
Gold:   123        SH:  9    Dex: 12    Spells: 8/8 levels left

rFire    . . .     SeeInvis .   s - +0 morningstar "Fomagij" {drain, Str+5}
rCold    . . .     Faith    .   c - +0 kite shield
rNeg     . . .     Spirit   .   b - +0 robe
rPois    .         Reflect  .   (helmet restricted)
rElec    .         Harm     .   (no cloak)
rCorr    .         Rampage  .   (gloves unavailable)
MR       .....                  (boots unavailable)
Stlth    ..........             A - amulet of regeneration
HPRegen  1.03/turn              t - ring of attention (curse)
MPRegen  0.11/turn              z - +4 ring of evasion

@: hasted, very quick
A: large, unfitting armour, claws 3, talons 1, dopey 1, frail 1, regeneration 1,
shaggy fur 1, tough skin 3, subdued magic 1
a: Renounce Religion


You were on level 7 of the Dungeon.
You worshipped Wu Jian.
Wu Jian was aware of your devotion.
You visited 2 branches of the dungeon, and saw 8 of its levels.
You also visited: Sewer.

You collected 375 gold pieces.
You spent 252 gold pieces at shops.

Inventory:

Hand Weapons
 g - a +0 giant club
 s - the +0 morningstar "Fomagij" (weapon) {drain, Str+5}
   (You bought it in a shop on level 6 of the Dungeon)

   A truly terrible weapon, it drains the life of those it strikes.
   It affects your strength (+5).
Missiles
 a - 7 atropa-tipped darts (quivered)
Armour
 b - a +0 robe (worn)
 c - a +0 kite shield (worn)
Jewellery
 t - a cursed ring of attention (left claw)
 z - a +4 ring of evasion (right claw)
 A - an amulet of regeneration (around neck)
Wands
 u - a wand of disintegration (12)
 v - a wand of enslavement (6)
 x - a wand of random effects (13)
Scrolls
 h - 6 scrolls of identify
 j - 4 scrolls of teleportation
 l - 2 scrolls of immolation {unknown}
 n - a scroll of fog {unknown}
 o - a scroll of enchant armour {unknown}
 p - 3 scrolls of remove curse {unknown}
 r - 2 scrolls of magic mapping {unknown}
 y - a scroll of blinking {unknown}
Potions
 d - 3 potions of might
 f - a potion of berserk rage
 i - a potion of haste
 k - 4 potions of flight


   Skills:
 + Level 6.0 Fighting
 * Level 8.7 Maces & Flails
 + Level 6.0 Dodging
 - Level 2.4 Shields


You had 8 spell levels left.
You didn't know any spells.
Your spell library contained the following spells:

 Spells                   Type           Power        Failure   Level
 Animate Skeleton         Necr           #.....       94%         1
 Apportation              Tloc           #.....       94%         1
 Corona                   Hex            #......      94%         1
 Sting                    Tmut/Pois      #...         94%         1
 Summon Small Mammal      Summ           #...         94%         1
 Poisonous Vapours        Pois/Air       #.....       98%         2
 Ignite Poison            Fire/Tmut/Pois #.......     100%        3
 Mephitic Cloud           Conj/Pois/Air  #.......     100%        3
 Olgreb's Toxic Radiance  Pois           #.......     100%        4


Dungeon Overview and Level Annotations

Branches:
Dungeon (7/15)             Temple (1/1) D:6           Sewer (visited)

Altars:
Ashenzari
Cheibriados
Dithmenos
Elyvilon
Fedhas
Hepliaklqana
Makhleb
Nemelex Xobeh
Okawaru
Qazlal
Ru
Sif Muna
Trog
Uskayaw
Vehumet
Wu Jian
Xom
Yredelemnul
Zin
The Shining One

Shops:
D:6 (

Annotations:
D:7 2 runed translucent doors, exclusion: orange crystal statue


Innate Abilities, Weirdness & Mutations

You are too large for most types of armour.
You have claws for hands.
Your natural rate of healing is unusually fast.
You are covered in fur. (AC +1)
You have extremely tough skin. (AC +3)
You have sharp toenails.
You are dopey. (Int -2)
You are frail. (-10% HP)
Your spells are a little easier to cast, but a little less powerful.


Message History

Something hits you but does no damage. Something hits you but does no damage.
You block something's attack. Something hits you.
There is an open door, spattered with blood here.
Something hits you.
Something is blocking the doorway!
Something hits you but does no damage.
You close the door.
Something hits you. Something hits you but does no damage. Something hits you!
* * * LOW HITPOINT WARNING * * *
Something hits you.
* * * LOW HITPOINT WARNING * * *
Something hits you.
* * * LOW HITPOINT WARNING * * *
You feel yourself speed up. Something hits you.
* * * LOW HITPOINT WARNING * * *
Something hits you.
* * * LOW HITPOINT WARNING * * *
Something hits you.
You die...

#.##.#.##...####.....# #.######.#
#...###.....#####...####.#.......
##.## ##.#...............#.####..
##.###.##########.####### #..
##.#.## #.# # ###.. ##..# ##'##
#.##.... ##.# ##...## #.......
#.### ##.....## ####.### ###.#.##
##.@{....## ##..#
#......####..=......####...###
#(#.......'.........+.........
#.#....####.........####....##
#.#.....# ##.......## ##.#.#
#.####..# ##.....## ###.# #.#
#..# ##...## #.# #.####..#
##+#### #.# #.......# #.##.. #.#


There were no monsters in sight!

Vanquished Creatures
  A hippogriff (D:7)
  Eustachio (D:4)
  2 black bears
  An ice beast (D:6)
  A phantom (D:6)
  A sky beast (D:7)
  2 orc warriors
  6 ogres
  2 centaurs
  4 bullfrogs
  A water moccasin zombie (D:5)
  3 howler monkeys (D:7)
  A bullfrog zombie (D:5)
  A centaur zombie (D:6)
  2 hounds
  An orc priest (D:4)
  A bullfrog skeleton (D:5)
  4 orc wizards
  2 iguanas (D:5)
  Ijyb (D:4)
  4 worker ants
  A hound skeleton (D:5)
  A howler monkey skeleton (D:4)
  A worker ant zombie (D:7)
  10 adders
  2 shadow imps (D:6)
  3 white imps
  An ufetubus (D:5)
  5 oozes
  2 adder zombies (D:7)
  7 worms
  5 leopard geckos
  22 orcs
  4 ball pythons
  6 giant cockroaches
  4 goblins
  A hobgoblin (D:2)
  13 jackals
  4 quokkas
  A ball python skeleton (D:4)
  10 bats
  5 frilled lizards
  4 kobolds
  A leopard gecko zombie (D:6)
  2 quokka skeletons
  A quokka zombie (D:7)
  3 rats
161 creatures vanquished.

Vanquished Creatures (others)
  A plant (D:1)
1 creature vanquished.

Grand Total: 162 creatures vanquished

Notes
Turn   | Place    | Note
-------+----------+-------------------------------------------
     0 | D:1      | Lanoc the Troll Fighter began the quest for the Orb.
     0 | D:1      | Reached XP level 1. HP: 22/22 MP: 0/0
    65 | D:2      | Reached skill level 2 in Maces & Flails
   164 | D:2      | Reached XP level 2. HP: 29/29 MP: 1/1
   264 | D:2      | Found a shimmering altar of Xom.
   288 | D:2      | Found a shimmering altar of Xom.
   288 | D:2      | Found a shimmering altar of Xom.
   289 | D:2      | Found a shimmering altar of Xom.
   290 | D:2      | Found a shimmering altar of Xom.
   353 | D:2      | Found a blossoming altar of Fedhas.
   382 | D:2      | Reached XP level 3. HP: 33/36 MP: 2/2
   403 | D:2      | Found a sacrificial altar of Ru.
   787 | D:3      | Noticed an ogre
   793 | D:3      | Killed an ogre
   793 | D:3      | Reached skill level 3 in Maces & Flails
   793 | D:3      | Reached XP level 4. HP: 26/45 MP: 3/3
   799 | D:3      | Reached XP level 5. HP: 35/53 MP: 4/4
   819 | D:3      | Found a burning altar of Makhleb.
   938 | D:3      | Found a glowing golden altar of the Shining One.
   990 | D:3      | Found a glowing drain.
  1013 | Sewer    | Entered a sewer
  1429 | Sewer    | Reached skill level 4 in Maces & Flails
  1923 | D:3      | Noticed a centaur
  1932 | D:3      | Killed a centaur
  1932 | D:3      | Reached XP level 6. HP: 31/61 MP: 5/5
  2469 | D:4      | Noticed Eustachio
  2508 | D:4      | Noticed Ijyb
  2755 | D:4      | HP: 3/91 [Eustachio/+0 rapier (5)]
  2756 | D:4      | Killed Eustachio
  2884 | D:4      | Killed Ijyb
  2884 | D:4      | Reached skill level 5 in Maces & Flails
  2977 | D:4      | Found a shimmering blue altar of Sif Muna.
  2997 | D:4      | Reached XP level 7. HP: 61/68 MP: 6/6
  3861 | D:5      | Entered Level 5 of the Dungeon
  4184 | D:5      | Reached skill level 6 in Maces & Flails
  4330 | D:5      | Reached XP level 8. HP: 34/79 MP: 7/7
  4912 | D:6      | Reached skill level 7 in Maces & Flails
  4942 | D:6      | Reached skill level 5 in Fighting
  4994 | D:6      | Reached skill level 5 in Dodging
  5048 | D:6      | Found Xuefaun's Antique Weapon Boutique.
  5053 | D:6      | Bought an ancient morningstar for 252 gold pieces
  5053 | D:6      | Identified the +0 morningstar "Fomagij" {drain, Str+5} (You
                  | bought it in a shop on level 6 of the Dungeon)
  5162 | D:6      | Found a staircase to the Ecumenical Temple.
  5177 | Temple   | Entered the Ecumenical Temple
  5498 | Temple   | Became a worshipper of the Wu Jian Council
  5620 | D:6      | Reached XP level 9. HP: 44/88 MP: 8/8
  5917 | D:6      | Found a burning altar of Makhleb.
  6060 | D:7      | Found a runed translucent door.
  6064 | D:7      | Noticed an orange crystal statue
  6065 | D:7      | Found the +10 tower shield of Ignorance {rN+ Int-4}
  6130 | D:7      | Reached skill level 8 in Maces & Flails
  6362 | D:7      | Found a runed translucent door.
  6744 | D:7      | Reached * piety under Wu Jian
  6892 | D:7      | Gained mutation: You are dopey. (Int -2) [potion of
                  | mutation]
  6892 | D:7      | Gained mutation: You are frail. (-10% HP) [potion of
                  | mutation]
  6892 | D:7      | Gained mutation: Your spells are a little easier to cast,
                  | but a little less powerful. [potion of mutation]
  6892 | D:7      | Gained mutation: You have sharp toenails. [potion of
                  | mutation]
  6906 | D:7      | HP: 2/80 [something (5)]
  6983 | D:7      | Found a glowing silver altar of Zin.
  7067 | D:7      | Found a bloodstained altar of Trog.
  7067 | D:7      | Found a sparkling altar of Nemelex Xobeh.
  7072 | D:7      | Found a white marble altar of Elyvilon.
  7074 | D:7      | Found a basalt altar of Yredelemnul.
  7082 | D:7      | Found a hazy altar of Hepliaklqana.
  7205 | D:7      | HP: 4/80 [something (6)]
  7206 | D:7      | Slain by an unseen horror

Illustrated notes

Levels and vault maps discovered:
D:1:      roderic_crop_circles_arrival_small, layout_basic
D:2:      layout_loops_corners, lemuel_coloured_pillars_altar, xom_redecorated,
          overflow_temple_1_default, serial_forest, infiniplex_forest_end_1,
          infiniplex_forest_clump_long, infiniplex_forest_clump_medium,
          infiniplex_forest_lined_3, infiniplex_forest_lined_room_
D:3:      layout_loops_corners, lightli_temple_of_fire,
          cheibrodos_sewer_entry_bend, tso_metal_star
D:4:      layout_layer_cave, old_standard_altar, uniq_ijyb, uniq_eustachio
D:5:      layout_gridville
D:6:      layout_loops_cross, temple_fountains, basic_altar, serial_shops,
          kennysheep_little_box
D:7:      layout_loops_corners, chequers_temple_overflow_minitemple,
          kennysheep_mini_moat, chequers_guarded_unrand_ignorance
Temple:   compressed_dpeg_triangle_lava_temple

Skill      XL: |  1  2  3  4  5  6  7  8  9 |
---------------+----------------------------+-----
Maces & Flails | 2 3 4 5 6 7 8 |  8.7
Fighting       | 3 4 5 6 |  6.0
Dodging        | 3 4 5 6 |  6.0
Shields        | |  2.4

Action                   |  1- 3 |  4- 6 |  7- 9 || total
-------------------------+-------+-------+-------++-------
Melee: Flail             |    77 |   256 |   251 ||   584
       Morningstar       |       |       |   147 ||   147
       Kick              |       |       |     1 ||     1
Invok: Lunge             |       |       |     4 ||     4
  Use: Scroll            |     2 |       |     1 ||     3
       Potion            |       |     4 |     8 ||    12
 Stab: Sleeping          |       |     1 |       ||     1
Armor: Robe              |    25 |   149 |   208 ||   382
Dodge: Dodged            |    25 |   140 |   205 ||   370
Block: Kite shield       |    36 |   165 |   218 ||   419

Table legend: (Time is in decaauts)
 A = Elapsed time spent in this place.
 B = Non-inter-level travel time spent in this place.
 C = Inter-level travel time spent in this place.
 D = Time resting spent in this place.
 E = Time spent auto-exploring this place.
 F = Levels seen in this place.
 G = Mean time per level.
                   A        B        C        D        E       F      G
               +--------+--------+--------+--------+--------+-----+--------+
         Total |   7529 |   7344 |    185 |     39 |   5475 |   9 |  836.6 |
       Dungeon |   6416 |   6240 |    176 |     39 |   4644 |   7 |  916.6 |
        Temple |    331 |    322 |      9 |      0 |    285 |   1 |  331.0 |
         Sewer |    781 |    781 |      0 |      0 |    546 |   1 |  781.0 |
               +--------+--------+--------+--------+--------+-----+--------+

Top non-repeatable levels by time:
     D:4: 1426 daAuts
     D:7: 1175 daAuts
     D:3: 1117 daAuts
     D:6: 959 daAuts
     D:5: 929 daAuts
   Sewer: 781 daAuts
     D:2: 747 daAuts
  Temple: 331 daAuts
     D:1: 59 daAuts
